 Dungeon Crawl Stone Soup version 0.18.1-50-g88ac8fd (webtiles) character file.

1237 Amnesiac the Prestidigitator (level 8, -3/48 HPs)
             Began as a Deep Elf Fighter on Feb 28, 2018.
             Slain by an orc warrior
             ... wielding a +0 dire flail
              (8 damage)
             ... on level 6 of the Dungeon.
             The game lasted 00:11:46 (4607 turns).

Amnesiac the Prestidigitator (Deep Elf Fighter)     Turns: 4607, Time: 00:11:47

Health: -3/48      AC:  8    Str: 15    XL:     8   Next: 24%
Magic:  16/16      EV:  8    Int: 14    God:
Gold:   265        SH:  8    Dex: 14    Spells: 0 memorised, 7 levels left

rFire  + . .     SeeInvis .     a - +2 short sword (drain)
rCold  + + +     Gourm    .     I - +0 leather armour of Lecip {rElec rF+ rC+++ Stlth-}
rNeg   + . .     Faith    .     c - +0 shield
rPois  .         Spirit   .     (no helmet)
rElec  +         Dismiss  .     x - +2 cloak
rCorr  .         Reflect  .     (no gloves)
SustAt .         Harm     .     u - +0 pair of boots
MR     .....                    E - amulet of magic regeneration
Stlth  ..........               (no ring)
                                d - ring of positive energy

@: not resistant to hostile enchantments, extremely unstealthy
A: no striking features
a: no special abilities


You were on level 6 of the Dungeon.
You were not hungry.

You visited 1 branch of the dungeon, and saw 7 of its levels.

You collected 265 gold pieces.

Inventory:

Hand Weapons
 a - a +2 short sword of draining (weapon)
 b - a +0 hunting sling
 w - a +0 blowgun
 F - a +0 hand crossbow
Missiles
 e - 142 stones (quivered)
 s - 23 sling bullets
 G - 22 bolts
Armour
 c - a +0 shield (worn)
 h - a +3 leather armour
 u - a +0 pair of boots (worn)
 x - a +2 cloak (worn)
 I - the +0 leather armour of Lecip (worn) {rElec rF+ rC+++ Stlth-}
   (You found it on level 6 of the Dungeon)

   It protects you from fire.
   It renders you almost immune to cold.
   It insulates you from electricity.
   It makes you less stealthy.
 J - a +0 chain mail of fire resistance
Magical Staves
 j - an uncursed staff of cold {unknown}
Jewellery
 d - a ring of positive energy (left hand)
 i - an uncursed amulet of harm
 E - an amulet of magic regeneration (around neck)
Wands
 k - a wand of slowing (46/48)
 p - a wand of flame (1/48)
 A - a wand of acid (3/15)
Scrolls
 l - a scroll of fear {!r}
 m - a scroll of enchant weapon {!r}
 o - 2 scrolls of remove curse {!r}
 y - a scroll of amnesia {!r}
 C - a scroll of blinking {!r}
 H - a scroll of enchant armour {!r}
Potions
 g - a potion of mutation {!q}
 q - a potion of curing {!q}
 v - a potion of cure mutation {!q, unknown}
 z - a potion of lignification {!q}
 B - a potion of flight {!q}
 K - a potion of berserk rage {!q, unknown}
Books
 t - a book of Alchemy

   Spells                             Type                      Level
   a - Sublimation of Blood           Necromancy                   2
   b - Ignite Poison                  Fire/Transmutation/Poison    3
   c - Petrify                        Transmutation/Earth          4
   d - Alistair's Intoxication        Transmutation/Poison         5
   e - Irradiate                      Conjuration/Transmutation    5
 D - a book of the Earth

   Spells                             Type                      Level
   a - Leda's Liquefaction            Hexes/Earth                  4
   b - Bolt of Magma                  Conjuration/Fire/Earth       5
   c - Statue Form                    Transmutation/Earth          6
   d - Iron Shot                      Conjuration/Earth            6
   e - Shatter                        Earth                        9
Comestibles
 f - 5 bread rations
 n - 2 meat rations
 r - a beef jerky


   Skills:
 + Level 4.6 Fighting
 - Level 2.0 Short Blades
 + Level 4.4 Armour
 - Level 2.4 Shields
 * Level 8.1 Evocations


You had 7 spell levels left.
You didn't know any spells.

Dungeon Overview and Level Annotations

Branches:
Dungeon (7/15)
 Temple: D:4-7

Altars:
Qazlal
The Shining One

Shops:
D:4 }

Annotations:
D:6 exclusion: 7 doors


Message History

You hit the worker ant.
You kill the worker ant!
No target in view!
You see here a worker ant corpse.
You butcher the worker ant corpse.
L - a chunk of flesh Eating a chunk of flesh.
This raw flesh tastes terrible.
You continue eating. x2
You found a shaft!
There is a shaft here.
o - 2 scrolls of remove curse {!r} (gained 1) Partly explored, can't reach some places.
Partly explored, can't reach some places.
Partly explored, can't reach some places.
There is a shaft here.
There is a stone staircase leading down here.
You climb downwards. 2 orcs, an orc warrior and an orc priest come into view.
The orc warrior shouts!
The orc priest shouts!
The orc shouts! x2
Found a ring mail and a forked bronze wand.
Found a stone staircase leading down.
There is a stone staircase leading up here.
You barely miss the orc. The orc completely misses you.
You hit the orc. You drain the orc!
You kill the orc!
The orc warrior hits you with a dire flail.
The orc priest looks braver for a moment.
You climb upwards.
Level annotation: exclusion: 7 doors
There is a stone staircase leading down here.
You hit the orc warrior but do no damage.
The orc warrior hits you with a dire flail!
You hit the orc warrior. You drain the orc warrior!
The orc warrior is moderately wounded.
The orc warrior hits you with a dire flail!
You hit the orc warrior but do no damage.
You drain the orc warrior!
The orc warrior is heavily wounded.
The orc warrior hits you with a dire flail!
* * * LOW HITPOINT WARNING * * *
You hit the orc warrior but do no damage.
You drain the orc warrior!
The orc warrior is heavily wounded.
The orc warrior hits you but does no damage.
You hit the orc warrior but do no damage.
You drain the orc warrior!
The orc warrior is severely wounded.
The orc warrior hits you with a dire flail!
* * * LOW HITPOINT WARNING * * *
You are too injured to fight recklessly!
You are too injured to fight recklessly!
Unknown command.
Evoke which item? (* to show all) (? for menu, Esc to quit)
Okay, then.
Evoke which item? (* to show all) (? for menu, Esc to quit)
Zapping:
A - a wand of acid (will waste charges)
Press: ? - help, Shift-Dir - straight line, f - orc warrior
Aim: an orc warrior, wielding a dire flail and wearing a chain mail (severely wounded, heavily drained)
The bolt of acid misses the orc warrior.
Evoking this partially-identified wand wasted a few charges.
Your skill with magical items lets you calculate the power of this device...
This wand has 3 charges left.
The orc warrior hits you with a dire flail!
You die...

###.....####..P.....#### #.
.......................###### ##.
##....#########.............###..
###.......####...................
##...............................
....#####................######..
...## ####..............# ##.
..## ##.............## #. .##
########...o@..........# ##
.####......#......##.......# #
##...............####......## #
.............##...# ##......#####
............####..## ##.......#..
............# ##..# ##.........
............# #..## #........#
...........## ##..# ##.......##
...........# #..###........#


You could see an orc warrior.

Vanquished Creatures
  The ghost of Amnesiac the Reactionary, a novice DEAr of Pakellas (D:5)
  An orc warrior (D:5)
  An ogre (D:6)
  2 ice beasts
  A phantom (D:4)
  A centaur (D:5)
  A crimson imp (D:6)
  An orc priest (D:3)
  4 orc wizards
  A giant frog skeleton (D:4)
  An iguana (D:5)
  Natasha (D:3)
  2 worker ants
  A hound zombie (D:6)
  A worker ant zombie (D:5)
  4 gnolls (D:6)
  4 adders
  A shadow imp (D:5)
  An ooze (D:4)
  An adder zombie (D:5)
  A dart slug (D:4)
  A worm (D:4)
  5 giant geckos
  14 orcs
  2 ball pythons
  A giant cockroach (D:6)
  4 goblins
  9 hobgoblins
  2 jackals (D:6)
  3 kobolds
  A quokka (D:5)
  3 bats
  3 giant newts
  2 rats
82 creatures vanquished.

Notes
Turn   | Place    | Note
--------------------------------------------------------------
     0 | D:1      | Amnesiac the Deep Elf Fighter began the quest for the Orb.
     0 | D:1      | Reached XP level 1. HP: 13/13 MP: 3/3
   143 | D:1      | Reached XP level 2. HP: 5/18 MP: 4/4
   451 | D:3      | Noticed Natasha
   458 | D:3      | Noticed a crimson imp
   461 | D:3      | Killed Natasha
   461 | D:3      | Reached XP level 3. HP: 8/23 MP: 5/5
   758 | D:3      | Reached XP level 4. HP: 18/28 MP: 6/6
  1045 | D:3      | Reached XP level 5. HP: 27/33 MP: 7/7
  1256 | D:4      | Found Ryosior's Gadget Shop.
  1393 | D:4      | Found a stormy altar of Qazlal.
  1394 | D:4      | Found a glowing golden altar of the Shining One.
  1469 | D:4      | Noticed a phantom
  1510 | D:4      | Killed a phantom
  1510 | D:4      | Reached XP level 6. HP: 13/39 MP: 8/8
  1859 | D:4      | Reached skill level 1 in Evocations
  2206 | D:5      | Entered Level 5 of the Dungeon
  2232 | D:5      | Noticed an ice beast
  2239 | D:5      | Killed an ice beast
  2239 | D:5      | Reached skill level 3 in Evocations
  2305 | D:5      | Reached skill level 4 in Evocations
  2305 | D:5      | Reached XP level 7. HP: 24/44 MP: 10/12
  2398 | D:5      | Noticed Amnesiac's ghost (novice DEAr)
  2406 | D:5      | Killed Amnesiac's ghost
  2406 | D:5      | Reached skill level 5 in Evocations
  2768 | D:6      | Reached skill level 6 in Evocations
  3310 | D:6      | Got a bronze leather armour
  3345 | D:6      | Reached skill level 7 in Evocations
  3499 | D:6      | Reached XP level 8. HP: 15/48 MP: 15/15
  3669 | D:6      | Identified the +0 leather armour of Lecip {rElec rF+ rC+++ Stlth-} (You found it on level 6 of the Dungeon)
  4242 | D:6      | Reached skill level 8 in Evocations
  4607 | D:6      | Slain by an orc warrior

Skill      XL: |  1  2  3  4  5  6  7  8 |
---------------+-------------------------+-----
Fighting       | 3 4 |  4.6
Armour         | 3 4 |  4.4
Evocations     | 4 7 8 |  8.1
Short Blades   | |  2.0
Shields        | |  2.4

Action                   |  1- 3 |  4- 6 |  7- 9 || total
-------------------------+-------+-------+-------++-------
Melee: Rapier            |    26 |       |       ||    26
       Short sword       |    48 |    90 |   143 ||   281
 Fire: Hunting sling     |       |    53 |     4 ||    57
       Hand crossbow     |       |       |     6 ||     6
Evoke: Wand              |       |     2 |    21 ||    23
  Use: Potion            |       |     2 |     2 ||     4
       Scroll            |       |     4 |     8 ||    12
 Stab: Sleeping          |     1 |       |       ||     1
  Eat: Chunk             |       |     3 |     9 ||    12
Armor: Scale mail        |    10 |       |       ||    10
       Leather armour    |    10 |    31 |    50 ||    91
Dodge: Dodged            |    23 |    37 |    50 ||   110
Block: Shield            |    31 |    34 |    65 ||   130
